 Dungeon Crawl Stone Soup version 0.20-a0-1114-g33edf32 (webtiles) character file.

28 Monsterracer the Ruffian (level 3, -4/31 HPs)
             Began as a Naga Transmuter on May 6, 2017.
             Slain by a gnoll
             ... wielding a +0 spear
              (5 damage)
             ... on level 2 of the Dungeon.
             The game lasted 00:02:09 (1391 turns).

Monsterracer the Ruffian (Naga Transmuter)          Turns: 1391, Time: 00:02:10

Health: -4/31      AC:  2    Str: 12    XL:     3   Next: 14%
Magic:  4/6        EV: 10    Int: 14    God:
Gold:   57         SH:  0    Dex: 11    Spells: 5/6 levels left

rFire    + . .     SeeInvis +     - Unarmed
rCold    . . .     Gourm    .   (no shield)
rNeg     . . .     Faith    .   b - +0 robe
rPois    +         Spirit   .   (no helmet)
rElec    .         Reflect  .   (no cloak)
rCorr    .         Harm     .   (no gloves)
MR       .....                  (no barding)
Stlth    +.........             (no amulet)
Regen    0.1/turn               j - ring of protection from fire
MPRegen  0.1/turn               (no ring)

@: appendage (expiring), hasted, quick
A: horns 2, see invisible, deformed body, poison resistance, slowness 2, slow
metabolism 1, spit poison 1, AC +1
a: Spit Poison, End Transformation


You were on level 2 of the Dungeon.
You were hungry.
You had grown temporary horns.
You visited 1 branch of the dungeon, and saw 2 of its levels.

You collected 57 gold pieces.

Inventory:

Missiles
 a - 40 arrows
 g - 59 stones (quivered)
Armour
 b - a +0 robe (worn)
Jewellery
 j - a ring of protection from fire (left hand)
Scrolls
 e - 2 scrolls of recharging {unknown}
 h - 2 scrolls of identify {unknown}
 i - a scroll of enchant armour {unknown}
 k - a scroll of immolation {unknown}
 l - a scroll of amnesia {unknown}
 m - a scroll of blinking {unknown}
 n - a scroll of random uselessness {unknown}
Potions
 f - a potion of flight
Books
 c - a book of Changes

   Spells                             Type                      Level
   a - Beastly Appendage              Transmutation                1
   b - Sticks to Snakes               Transmutation                2
   c - Spider Form                    Transmutation/Poison         3
   d - Ice Form                       Ice/Transmutation            4
   e - Blade Hands                    Transmutation                5
Comestibles
 d - 2 bread rations


   Skills:
 - Level 1.0 Fighting
 - Level 1.5 Dodging
 + Level 4.2 Unarmed Combat
 - Level 2.0 Spellcasting
 - Level 2.0 Transmutations


You had 5 spell levels left.
You knew the following spells:

 Your Spells              Type           Power        Failure   Level  Hunger
a - Beastly Appendage     Tmut           #.....       11%         1    ##.....


Dungeon Overview and Level Annotations

Branches:
Dungeon (2/15)

Altars:


Innate Abilities, Weirdness & Mutations

You cannot wear boots.
Your serpentine skin is tough. (AC +1)
You have supernaturally acute eyesight. (SInv)
Armour fits poorly on your strangely shaped body.
Your system is resistant to poisons. (rPois)
You cover ground very slowly.
You have a slow metabolism.
You can spit poison.
You have a pair of horns on your head.


Message History

You kill the gnoll!
Your Unarmed Combat skill increases to level 4!
You have reached level 3!
Your experience leads to an increase in your attributes!
Increase (S)trength, (I)ntelligence, or (D)exterity?
You feel clever.
Your skin feels tougher.
The gnoll barely misses you. The gnoll misses you.
A gnoll comes into view. It is wielding a club.
You see here a gnoll corpse.
You hit the gnoll but do no damage. The gnoll closely misses you.
The gnoll hits you from afar with a spear!
* * * LOW HITPOINT WARNING * * *
You hit the gnoll.
The gnoll is lightly wounded.
The gnoll hits you with a spear!
* * * LOW HITPOINT WARNING * * *
You closely miss the gnoll. You headbutt the gnoll!
The gnoll is severely wounded.
The gnoll hits you from afar with a spear.
You die...

##..........#
#.##........##.#
#............##.###
#.###.............#
##....#.###.#.#
#......###.#.#
###........#.#
#.########.######
.... #.ggg@......#
#.... #.###....##.#
#... #..#.# .....#
.#..### .#..# .
.... ####


You could see 3 gnolls.

Vanquished Creatures
  A gnoll (D:2)
  A leopard gecko (D:1)
  3 goblins
  5 hobgoblins
  A kobold (D:1)
  3 bats (D:1)
  2 rats (D:1)
16 creatures vanquished.

Notes
Turn   | Place    | Note
-------+----------+-------------------------------------------
     0 | D:1      | Monsterracer the Naga Transmuter began the quest for the Orb.
     0 | D:1      | Reached XP level 1. HP: 18/18 MP: 3/3
   405 | D:1      | Reached XP level 2. HP: 14/25 MP: 5/5
  1387 | D:2      | Reached skill level 4 in Unarmed Combat
  1387 | D:2      | Reached XP level 3. HP: 15/31 MP: 4/6
  1390 | D:2      | HP: 1/31 [gnoll/spear (7)]
  1391 | D:2      | Slain by a gnoll

Vault maps used:
D:1:      tarquinn_simple_flora_water_b
D:2:      first_bread, uniq_terence

Skill      XL: |  1  2 |
---------------+-------+-----
Unarmed Combat | 4 |  4.2
Fighting       | |  1.0
Dodging        | |  1.5
Spellcasting   | |  2.0
Transmutations | |  2.0

Action                   || total
-------------------------++-------
Melee: Unarmed           ||    45
       Headbutt          ||     3
Throw: Stone             ||    26
 Cast: Beastly Appendage ||     4
  Use: Potion            ||     5
Armor: Robe              ||     7
Dodge: Dodged            ||    29
